 Dungeon Crawl Stone Soup version 0.30.0-5-g1a98f26d00 (webtiles) character file.

Game seed: 669764004449831098

81 backslashecho the Charlatan (level 4, -10/25 HPs)
             Began as a Deep Elf Artificer on May 11, 2023.
             Killed themself with a badly aimed iceblast (24 damage)
             ... on level 3 of the Dungeon.
             The game lasted 00:09:09 (2031 turns).

backslashecho the Charlatan (Deep Elf Artificer)    Turns: 2031, Time: 00:09:10

Health: -10/25     AC:  5    Str:  9    XL:     4   Next: 19%
Magic:  9/9        EV: 12    Int: 18    God:
Gold:   108        SH:  0    Dex: 15    Spells: 3/7 levels left

rFire   . . .        a - +0 dagger
rCold   . . .        (no shield)
rNeg    . . .        b - +0 leather armour
rPois   .            (no helmet)
rElec   .            q - +0 cloak
rCorr   .            (no gloves)
SInv    .            f - +0 pair of boots
Will    .....        (no amulet)
Stlth   ++           (no ring)
HPRegen 0.24/turn    (no ring)
MPRegen 0.11/turn

%: no passive effects
@: no status effects
A: no striking features
a: no special abilities


You were on level 3 of the Dungeon.
You visited 1 branch of the dungeon, and saw 3 of its levels.

You collected 108 gold pieces.

Inventory:

Hand Weapons
 a - a +0 dagger (weapon)
Missiles
 j - 6 poisoned darts
Armour
 b - a +0 leather armour (worn)
 f - a +0 pair of boots (worn)
 q - a +0 cloak (worn)
Wands
 d - a wand of charming (10)
 e - a wand of iceblast (3) (quivered)
 h - a wand of roots (5)
Scrolls
 c - a scroll of noise {unknown}
 g - a scroll of enchant weapon {unknown}
 i - a scroll of blinking {unknown}
 k - a scroll of magic mapping {unknown}
 m - 2 scrolls of teleportation {unknown}
 p - a scroll of vulnerability {unknown}
 s - a scroll of enchant armour {unknown}
Potions
 l - a potion of might {unknown}
 n - 2 potions of curing {unknown}
 o - 2 potions of lignification {unknown}
 r - a potion of haste {unknown}


   Skills:
 - Level 1.0 Fighting
 - Level 1.0 Armour
 - Level 3.0 Dodging
 - Level 2.2 Stealth
 + Level 2.1 Spellcasting
 + Level 0.7 Conjurations
 * Level 1.1 Fire Magic
 - Level 4.0 Evocations


You had 3 spell levels left.
You knew the following spells:

 Your Spells              Type           Power      Damage    Failure   Level
a - Sticky Flame          Conj/Fire      5%         2d3       86%         4

Your spell library contained the following spells:

 Spells                   Type           Power      Damage    Failure   Level
 Slow                     Hex            4%         N/A       24%         1
 Ignite Poison            Fire/Tmut/Pois 3%         N/A       54%         3
 Confusing Touch          Hex            1%         N/A       58%         3
 Vampiric Draining        Necr           1%         2d6       58%         3
 Ignition                 Fire           2%         3d3       100%        8


Dungeon Overview and Level Annotations

Branches:
Dungeon (3/15)

Altars:

Annotations:
D:1 1 exclusion
D:3 2 runed translucent doors


Message History

The orc drinks a potion.
The orc flickers and vanishes!
Deactivating autopickup; reactivate with Ctrl-A.
The orc closely misses you.
The orc shouts!
You hit the orc.
The orc is moderately wounded.
You hear a shout!
An orc comes into view. It is wielding a +0 mace.
The orc barely misses you.
You hit the orc but do no damage.
The orc is moderately wounded.
The orc closely misses you. The orc blocks your attack.
The orc is moderately wounded.
An orc comes into view. It is wielding a +0 mace.
The orc hits you with a +0 short sword.
You take 1 damage, and have 24/25 hp.
The orc throws a boomerang.
The boomerang closely misses you.
The orc suddenly curses.
Health restored: 25 You closely miss the orc.
Something hits you but does no damage. The orc closely misses you.
Something hits you. The orc attacks as you move away!
The orc hits you with a +0 hand axe.
You take 2 damage, and have 23/25 hp.
You closely miss the orc. The orc hits you with a +0 hand axe.
You take 1 damage, and have 22/25 hp.
You hit the orc but do no damage. The orc hits you with a +0 hand axe.
You take 4 damage, and have 18/25 hp.
You hit the orc but do no damage. The orc misses you.
You hit the orc.
The orc is lightly wounded.
The orc hits you with a +0 hand axe.
You take 5 damage, and have 13/25 hp.
You hit the orc.
The orc is heavily wounded.
The orc closely misses you.
You hit the orc.
The orc is severely wounded.
The orc closely misses you.
You hit the orc.
You kill the orc!
The mass of ice explodes!
The iceblast engulfs something.
The iceblast engulfs the orc!!
You kill the orc!
The iceblast engulfs the orc!!
You kill the orc!
The iceblast engulfs you!!
Ouch! That really hurt!
You die...

# #....# #8'8.# .#
.######.#.# .#
.....+..#.# .#
.....+..#.# .#
.######.#.#### .#
#8'8....# .# #
#....#..####.#
######.......#))@.#
..........##o.)####
.#.###.......###
.............#
##.......#..##
###.#####.... #.#
#.### #.# .. # .#.


You could see an orc.

Vanquished Creatures
  A gnoll (D:3)
  A worm (D:2)
  4 orcs (D:3)
  6 ball pythons
  4 bats
  4 endoplasms
  3 giant cockroaches
  5 goblins
  2 hobgoblins (D:1)
  9 jackals (D:1)
  7 kobolds
  4 quokkas
  3 frilled lizards
  4 rats
57 creatures vanquished.

Vanquished Creatures (collateral kills)
  A bat (D:1)
  A goblin (D:1)
  A jackal (D:1)
3 creatures vanquished.

Vanquished Creatures (others)
  2 jackals (D:1)
2 creatures vanquished.

Grand Total: 62 creatures vanquished

Notes
Turn   | Place    | Note
-------+----------+-------------------------------------------
     0 | D:1      | backslashecho the Deep Elf Artificer began the quest for
                  | the Orb.
     0 | D:1      | Reached XP level 1. HP: 11/11 MP: 3/3
    85 | D:1      | Reached skill level 1 in Fighting
   112 | D:1      | Reached skill level 1 in Armour
   129 | D:1      | Reached XP level 2. HP: 11/16 MP: 4/4
   221 | D:1      | Reached skill level 1 in Spellcasting
   475 | D:1      | Reached XP level 3. HP: 17/20 MP: 7/7
   521 | D:1      | Found a faded altar of an unknown god.
  1689 | D:3      | Reached XP level 4. HP: 12/25 MP: 9/9
  1812 | D:3      | Reached skill level 1 in Fire Magic
  1812 | D:3      | Reached skill level 4 in Evocations
  1829 | D:2      | Learned a level 4 spell: Sticky Flame
  1992 | D:3      | Found a large runed translucent door.
  1993 | D:3      | Found a large runed translucent door.
  2031 | D:3      | Killed themself with a badly aimed iceblast

Illustrated notes

Levels and vault maps discovered:
D:1:      lemuel_arrival_muddy, layout_rooms,
          dreamdust_ecumenical_altar_angels_and_demons,
          wander_ebering_terrifying_dragon_lair
D:2:      layout_rooms, minivault_24
D:3:      layout_basic, jmf_multi_god_temple2

Skill      XL: |  1  2  3  4 |
---------------+-------------+-----
Fighting       | 1 |  1.0
Armour         | 1 |  1.0
Spellcasting   | 1 2 |  2.1
Stealth        | 2 |  2.2
Dodging        | 3 |  3.0
Fire Magic     | 1 |  1.1
Evocations     | 4 |  4.0
Conjurations   | |  0.7

Action                     |  1- 3 |  4- 6 || total
---------------------------+-------+-------++-------
  Melee: Club              |    59 |       ||    59
         Dagger            |   208 |    24 ||   232
  Evoke: Wand              |    23 |       ||    23
   Stab: Sleeping          |     2 |       ||     2
 Armour: Leather armour    |   108 |     2 ||   110
  Dodge: Dodged            |   259 |    16 ||   275
